 Dungeon Crawl Stone Soup version 0.26-a0-651-gb41185065b (webtiles) character file.

Game seed: 6184378124669805707

38 Irenicus the Digger (level 3, 0/28 HPs)
             Began as a Deep Dwarf Earth Elementalist on Oct 27, 2020.
             Killed from afar by Sigmund (3 damage)
             ... with a puff of flame
             ... on level 2 of the Dungeon.
             The game lasted 00:04:07 (709 turns).

Irenicus the Digger (Deep Dwarf Earth Elementalist)  Turns: 709, Time: 00:04:07

Health: 0/28       AC:  3    Str: 11    XL:     3   Next: 25%
Magic:  0/5        EV: 12    Int: 16    God:
Gold:   50         SH:  0    Dex: 13    Spells: 2/5 levels left

rFire    + . .     SeeInvis .   e - +0 club
rCold    + . .     Faith    .   (no shield)
rNeg     . . .     Spirit   .   c - +0 robe
rPois    +         Reflect  .   d - +0 helmet
rElec    +         Harm     .   (no cloak)
rCorr    +         Rampage  .   (no gloves)
MR       .....                  (no boots)
Stlth    +.........             (no amulet)
HPRegen  0.00/turn              (no ring)
MPRegen  0.09/turn              (no ring)

@: resistant, non-regenerating, very slow
A: damage resistance, heal wounds, sense surroundings 1, no regeneration
a: Heal Wounds


You were on level 2 of the Dungeon.
You visited 1 branch of the dungeon, and saw 2 of its levels.

You collected 50 gold pieces.

Inventory:

Hand Weapons
 e - a +0 club (weapon)
   (You took it off a hobgoblin on level 1 of the Dungeon)
Missiles
 b - 60 stones (quivered)
Armour
 c - a +0 robe (worn)
 d - a +0 helmet (worn)
   (You found it on level 1 of the Dungeon)
 g - a +0 pair of gloves
   (You found it on level 1 of the Dungeon)
Scrolls
 a - a scroll of fog {unknown}
 h - 2 scrolls of teleportation {unknown}
 k - a scroll of identify {unknown}
Potions
 i - a potion of might {unknown}
 j - 2 potions of lignification {unknown}
 l - a potion of cancellation {unknown}


   Skills:
 - Level 2.1 Dodging
 - Level 2.4 Stealth
 - Level 1.7 Spellcasting
 - Level 0.8 Transmutations
 + Level 5.8 Earth Magic


You had 2 spell levels left.
You knew the following spells:

 Your Spells              Type           Power        Failure   Level
a - Sandblast             Erth           ###...       1%          1
w - Passwall              Tmut/Erth      ##......     9%          2

Your spell library contained the following spells:

 Spells                   Type           Power        Failure   Level
 Stone Arrow              Conj/Erth      ##....       19%         3
 Petrify                  Tmut/Erth      ##......     47%         4
 Lee's Rapid Deconstruct  Erth           ###.......   47%         5


Dungeon Overview and Level Annotations

Branches:
Dungeon (2/15)

Altars:

Annotations:
D:2 Sigmund


Innate Abilities, Weirdness & Mutations

You are resistant to damage.
You can heal yourself by infusing magical energy.
You passively map a small area around you.
You do not regenerate.


Message History

You open the door.
There is an open door here.
You now have 44 gold pieces (gained 12).
You now have 50 gold pieces (gained 6).
Found a grey potion and 20 stones.
Found a stone staircase leading up.
A rat comes into view.
A quokka and a dart slug come into view.
The rat twitches its whiskers.
Casting: Sandblast (safe; 1% risk of failure)
Confirm with . or Enter, or press ? or * to list all spells.
Aiming: Sandblast (safe; 1% risk of failure)
Press: ? - help, Shift-Dir - straight line, f - rat
Aim: a rat The blast of sand hits the rat!
You kill the rat!
b - 46 stones You now have 4/5 mp.
Casting: Sandblast (safe; 1% risk of failure)
Confirm with . or Enter, or press ? or * to list all spells.
Aiming: Sandblast (safe; 1% risk of failure)
Press: ? - help, Shift-Dir - straight line, f - dart slug
Aim: a dart slug The blast of sand hits the dart slug.
The dart slug is lightly wounded.
b - 45 stones The dart slug launches a dart at you.
The slug dart hits you.
You take 2 damage, and have 19/28 hp.
You now have 3/5 mp.
Casting: Sandblast (safe; 1% risk of failure)
Confirm with . or Enter, or press ? or * to list all spells.
Aiming: Sandblast (safe; 1% risk of failure)
Press: ? - help, Shift-Dir - straight line, f/p - dart slug
Aim: a dart slug (lightly wounded)
The blast of sand hits the dart slug!!
You kill the dart slug!
b - 44 stones You now have 2/5 mp.
Casting: Sandblast (safe; 1% risk of failure)
Confirm with . or Enter, or press ? or * to list all spells.
Aiming: Sandblast (safe; 1% risk of failure)
Press: ? - help, Shift-Dir - straight line, f - quokka
Aim: a quokka The blast of sand hits the quokka!
You kill the quokka!
b - 43 stones You now have 1/5 mp.
j - 2 grey potions (gained 1)
b - 63 stones (gained 20) Sigmund the Dreaded comes into view.
He is wielding a +0 scythe and carrying a wand of random effects (20).
Sigmund shouts!
You enter the shallow water.
Moving in this stuff is going to be slow.
A bat comes into view.
Sigmund barely misses you.
Casting: Sandblast (safe; 1% risk of failure)
Confirm with . or Enter, or press ? or * to list all spells.
Aiming: Sandblast (safe; 1% risk of failure)
Press: ? - help, Shift-Dir - straight line, f - Sigmund
Aim: Sigmund, wielding a +0 scythe, wearing a +0 robe and carrying a wand of random effects (20)
The blast of sand hits Sigmund!
Sigmund is moderately wounded.
b - 62 stones The bat hits you but does no damage.
You now have 1/5 mp.
Casting: Sandblast (safe; 1% risk of failure)
Confirm with . or Enter, or press ? or * to list all spells.
Aiming: Sandblast (safe; 1% risk of failure)
Press: ? - help, Shift-Dir - straight line, f/p - Sigmund
Aim: Sigmund, wielding a +0 scythe, wearing a +0 robe and carrying a wand of random effects (20) (moderately wounded)
The blast of sand hits Sigmund!
Sigmund is heavily wounded.
b - 61 stones The bat barely misses you.
Sigmund points at you and mumbles some strange words.
The puff of flame hits you!
You take 7 damage, and have 12/28 hp.
MASSIVE DAMAGE!!
Casting: Sandblast (safe; 1% risk of failure)
Confirm with . or Enter, or press ? or * to list all spells.
Aiming: Sandblast (safe; 1% risk of failure)
Press: ? - help, Shift-Dir - straight line, f/p - Sigmund
Aim: Sigmund, wielding a +0 scythe, wearing a +0 robe and carrying a wand of random effects (20) (heavily wounded)
The blast of sand hits Sigmund!
Sigmund is almost dead.
b - 60 stones The bat is engulfed in a cloud of scalding steam.
The bat dies!
Sigmund hits you from afar with a +0 scythe!
* * * LOW HITPOINT WARNING * * *
You take 9 damage, and have 3/28 hp.
MASSIVE DAMAGE!!
You now have 0/5 mp.
Casting: Sandblast (safe; 1% risk of failure)
Confirm with . or Enter, or press ? or * to list all spells.
You don't have enough magic to cast that spell.
Really walk into that cloud of steam?
Okay, then.
You aren't carrying any items that you can evoke.
It was a potion of resistance.
You feel protected.
Sigmund points at you and mumbles some strange words.
The puff of flame hits you. You resist.
You die...

* ##............##
#### **
#..≈≈........# * *
, #.≈..≈.......## ,
#≈≈≈..≈..≈≈...≈## ,
,+
#≈≈≈..≈..≈..≈..≈≈#,
*
#≈≈...≈.⌠†..≈..≈≈#
*, , ,
#≈≈..≈..≈⌠.≈...≈≈#
**** ,
≈≈..≈..≈§§§..≈≈≈# *
≈...≈≈..@§.≈≈≈## *
* #.....@§§§.≈.## *
* ........≈≈..#
............#
.............# , *
............... , ,
####...........
#.#......... , , *


You could see Sigmund.

Vanquished Creatures
  A dart slug (D:2)
  A bat (D:1)
  A giant cockroach (D:1)
  4 goblins (D:1)
  8 hobgoblins (D:1)
  9 kobolds (D:1)
  A quokka (D:2)
  2 frilled lizards (D:1)
  3 rats
30 creatures vanquished.

Vanquished Creatures (others)
  A bat (D:2)
1 creature vanquished.

Grand Total: 31 creatures vanquished

Notes
Turn   | Place    | Note
-------+----------+-------------------------------------------
     0 | D:1      | Irenicus the Deep Dwarf Earth Elementalist began the quest
                  | for the Orb.
     0 | D:1      | Reached XP level 1. HP: 15/15 MP: 3/3
   156 | D:1      | Reached XP level 2. HP: 19/22 MP: 0/4
   236 | D:1      | Reached skill level 5 in Earth Magic
   518 | D:1      | Reached XP level 3. HP: 21/28 MP: 2/5
   548 | D:1      | Learned a level 2 spell: Passwall
   703 | D:2      | Noticed Sigmund
   708 | D:2      | HP: 3/28 [Sigmund/+0 scythe (9)]
   709 | D:2      | Killed from afar by Sigmund

Illustrated notes

Levels and vault maps discovered:
D:1:      psy_arrival_terrarium, layout_loops_corners
D:2:      cheibrodos_helix_gallery, layout_basic, tgw_xom, uniq_sigmund,
          uniq_terence

Skill      XL: |  1  2 |
---------------+-------+-----
Earth Magic    | 5 |  5.8
Dodging        | |  2.1
Stealth        | |  2.4
Spellcasting   | |  1.7
Transmutations | |  0.8

Action                   || total
-------------------------++-------
Melee: Club              ||    15
 Cast: Sandblast         ||    44
  Use: Potion            ||     1
Armor: Robe              ||     8
Dodge: Dodged            ||    27

Table legend: (Time is in decaauts)
 A = Elapsed time spent in this place.
 B = Non-inter-level travel time spent in this place.
 C = Inter-level travel time spent in this place.
 D = Time resting spent in this place.
 E = Time spent auto-exploring this place.
 F = Levels seen in this place.
 G = Mean time per level.
                   A        B        C        D        E       F      G
               +--------+--------+--------+--------+--------+-----+--------+
         Total |    713 |    713 |      0 |      0 |      0 |   2 |  356.5 |
       Dungeon |    713 |    713 |      0 |      0 |      0 |   2 |  356.5 |
               +--------+--------+--------+--------+--------+-----+--------+

Top non-repeatable levels by time:
     D:1: 630 daAuts
     D:2: 83 daAuts

Table legend:
 A = Kills in this place as a percentage of kills in entire the game.
 B = Kills by you in this place as a percentage of kills by you in the entire game.
 C = Kills by friends in this place as a percentage of kills by friends in the entire game.
 D = Other kills in this place as a percentage of other kills in the entire game.
 E = Experience gained in this place as a percentage of experience gained in the entire game.
 F = Experience gained in this place divided by the number of levels of this place that you have seen.
                   A       B       C       D       E      F
               +-------+-------+-------+-------+-------+----------------------
         Total | 100.0 | 100.0 |   N/A |   N/A | 100.0 |  27.5
       Dungeon | 100.0 | 100.0 |   N/A |   N/A | 100.0 |  27.5
               +-------+-------+-------+-------+-------+----------------------
